 Dungeon Crawl Stone Soup version 0.27-a0-1099-g7f87ac42b0 (webtiles) character file.

Game seed: 7798814412135250291

90 Bapho the Cudgeller (level 4, -5/44 HPs)
             Began as a Troll Fighter on Apr 28, 2021.
             Killed by divine providence
             ... invoked by an orc priest
              (11 damage)
             ... on level 3 of the Dungeon.
             The game lasted 00:03:37 (1634 turns).

Bapho the Cudgeller (Troll Fighter)                 Turns: 1634, Time: 00:03:38

Health: -5/44      AC:  4    Str: 25    XL:     4   Next: 32%
Magic:  3/3        EV:  8    Int:  4    God:
Gold:   123        SH:  9    Dex:  9    Spells: 3/3 levels left

rFire    . . .     SeeInvis .   a - +0 flail (elec)
rCold    . . .     Faith    .   c - +0 kite shield
rNeg     . . .     Spirit   .   b - +0 robe
rPois    .         Reflect  .   (helmet restricted)
rElec    .         Harm     .   (no cloak)
rCorr    .         Rampage  .   (gloves unavailable)
Will     .....                  (boots unavailable)
Stlth    +.........             p - amulet of regeneration
HPRegen  2.14/turn              (no ring)
MPRegen  0.08/turn              (no ring)

@: no status effects
A: large, unfitting armour, claws 3, regeneration 1, shaggy fur 1, tough skin 1
a: no special abilities


You were on level 3 of the Dungeon.
You visited 1 branch of the dungeon, and saw 3 of its levels.

You collected 123 gold pieces.

Inventory:

Hand Weapons
 a - a +0 flail of electrocution (weapon)
Missiles
 f - 68 stones (quivered)
 g - 59 sling bullets
 k - 13 poisoned darts
Armour
 b - a +0 robe (worn)
 c - a +0 kite shield (worn)
Jewellery
 i - a ring of ice
 l - a ring of magical power
 p - an amulet of regeneration (around neck)
Scrolls
 m - a scroll of fear {unknown}
 n - a scroll of fog {unknown}
 o - 3 scrolls of identify {unknown}
Potions
 d - 3 potions of might
 h - 2 potions of attraction {unknown}
 j - 3 potions of degeneration {unknown}
 q - a potion of curing {unknown}


   Skills:
 - Level 2.4 Fighting
 * Level 3.8 Maces & Flails
 - Level 2.4 Dodging
 + Level 2.9 Shields


You had 3 spell levels left.
You didn't know any spells.
Your spell library was empty.

Dungeon Overview and Level Annotations

Branches:
Dungeon (3/15)

Altars:


Innate Abilities, Weirdness & Mutations

You are too large for most types of armour.
You have claws for hands.
Your natural rate of healing is unusually fast.
You are covered in fur. (AC +1)
You have tough skin. (AC +1)


Message History

The orc priest mumbles some strange prayers to Beogh against you.
Pain shoots through your body! You block the orc priest's attack.
Items here: ( )) [.
You barely miss the orc priest.
The orc priest looks braver for a moment.
The orc priest calls down the wrath of Beogh upon you.
Pain shoots through your body!
You closely miss the orc priest.
The orc priest hits you with a +0 dagger.
You hit the orc priest.
The orc priest is lightly wounded.
The orc priest mumbles some strange prayers to Beogh against you.
Pain shoots through your body!
The orc priest calls down the wrath of Beogh upon you.
Pain shoots through your body!
Your shield prevents you from hitting the orc priest.
The orc priest is lightly wounded.
The orc priest barely misses you.
You barely miss the orc priest.
The orc priest is lightly wounded.
The orc priest mumbles some strange prayers to Beogh against you.
Beogh smites you!
* * * LOW HITPOINT WARNING * * *
The orc priest hits you with a +0 dagger.
* * * LOW HITPOINT WARNING * * *
You block the orc priest's attack.
You closely miss the orc priest.
The orc priest is lightly wounded.
You block the orc priest's attack.
You barely miss the orc priest.
The orc priest is lightly wounded.
The orc priest calls down the wrath of Beogh upon you.
Beogh smites you!
* * * LOW HITPOINT WARNING * * *
The orc priest hits you with a +0 dagger.
* * * LOW HITPOINT WARNING * * *
The orc priest mumbles some strange prayers to Beogh against you.
Beogh smites you!
You die...

# # # # ##+## # ##...##
### ##.....## # #.##
##.......## .##
...####.........####...#.#
......'.>.......@.oo..(((#
...####.........####...#(#
...# ##.......## .## ##.#
##.....## .. ##.# ##...##
.. ##.# ##'## .# ...# #.#
# #### #####.# # #.....##


You could see 2 orc priests.

Vanquished Creatures
  A hound (D:1)
  2 adders
  A worm (D:2)
  4 orcs (D:3)
  3 endoplasms
  4 goblins
  3 hobgoblins
  2 quokkas
  5 ball pythons
  2 bats
  2 frilled lizards (D:2)
  4 kobolds
  5 rats
38 creatures vanquished.

Notes
Turn   | Place    | Note
-------+----------+-------------------------------------------
     0 | D:1      | Bapho the Troll Fighter began the quest for the Orb.
     0 | D:1      | Reached XP level 1. HP: 22/22 MP: 0/0
    86 | D:1      | Reached skill level 2 in Maces & Flails
   165 | D:1      | You fall into a shaft and drop 1 floor!
   268 | D:1      | Reached XP level 2. HP: 29/29 MP: 1/1
   473 | D:1      | Reached skill level 3 in Maces & Flails
   473 | D:1      | Reached XP level 3. HP: 22/36 MP: 2/2
   996 | D:2      | Reached XP level 4. HP: 44/44 MP: 3/3
  1632 | D:3      | HP: 2/44 [orc priest/+0 dagger (2)]
  1634 | D:3      | Killed from afar by an orc priest

Illustrated notes

Levels and vault maps discovered:
D:1:      ncdulo_smallfort, layout_rooms, minmay_misc_feat_pillars
D:2:      layout_loops_cross
D:3:      layout_loops_corners, gammafunk_temple_overflow_pools, serial_shops,
          shop_fountains, serial_bayou_ford_a

Skill      XL: |  1  2 |
---------------+-------+-----
Maces & Flails | 2 3 |  3.8
Fighting       | |  2.4
Dodging        | |  2.4
Shields        | |  2.9

Action                   |  1- 3 |  4- 6 || total
-------------------------+-------+-------++-------
Melee: Flail             |   103 |    25 ||   128
Throw: Stone             |    32 |    24 ||    56
  Use: Scroll            |       |     1 ||     1
Armor: Robe              |    27 |     4 ||    31
Dodge: Dodged            |    44 |     6 ||    50
Block: Kite shield       |    53 |    11 ||    64

Table legend: (Time is in decaauts)
 A = Elapsed time spent in this place.
 B = Non-inter-level travel time spent in this place.
 C = Inter-level travel time spent in this place.
 D = Time resting spent in this place.
 E = Time spent auto-exploring this place.
 F = Levels seen in this place.
 G = Mean time per level.
                   A        B        C        D        E       F      G
               +--------+--------+--------+--------+--------+-----+--------+
         Total |   1712 |   1667 |     45 |    107 |   1177 |   3 |  570.7 |
       Dungeon |   1712 |   1667 |     45 |    107 |   1177 |   3 |  570.7 |
               +--------+--------+--------+--------+--------+-----+--------+

Top non-repeatable levels by time:
     D:2: 762 daAuts
     D:1: 572 daAuts
     D:3: 376 daAuts
